AoeStats
← яблоко

Arabia

507166523Analyzed
1v1 RM · 14d ago on Sep 16, 2026· 81m 10s· 2 players
Game mode
Random Map
Map size
Tiny (2 player)
Population
200
Speed
Normal
Resources
Standard
Victory
Conquest
Starting age
Dark Age
Ending age
Imperial Age
RankedLock teamsTeams togetherTeam positionsShared explorationLock speedFull tech treeHidden civsTurbo modeCheats
Victory
Defeat
🇺🇸 Malians · United States
1056
+14
🇺🇸 Poles · United States
1014
-14
wkier
10:39 Feudal Age
13:54 Loom
18:28 Wheelbarrow
25:04 Castle Age
24:42 Forging
24:32 Scale Mail Armor
24:29 Horse Collar
24:35 Double-Bit Axe
25:13 Gold Mining
25:08 Pikeman
26:49 Fletching
29:22 Padded Archer Armor
34:12 Iron Casting
33:52 Chain Mail Armor
34:48 Heavy Plow
35:52 Stone Mining
39:32 Imperial Age
38:59 Gold Shaft Mining
38:38 Bow Saw
40:45 Conscription
42:38 Bodkin Arrow
45:12 Ballistics
46:55 Light Cavalry
48:44 Scale Barding Armor
50:19 Chain Mail Armor
52:52 Chemistry
53:12 Plate Mail Armor
54:14 Bloodlines
54:04 Husbandry
72:17 Town Watch
яблоко
7:33 Loom
9:52 Feudal Age
10:34 Double-Bit Axe
11:51 Wheelbarrow
13:14 Bloodlines
20:40 Castle Age
19:49 Scale Barding Armor
20:56 Forging
24:23 Hand Cart
27:21 Town Watch
29:58 Fletching
37:57 Imperial Age
39:25 Bow Saw
38:57 Horse Collar
40:04 Cavalier
49:03 Szlachta Privileges
56:02 Light Cavalry
63:07 Chain Barding Armor
63:23 Iron Casting
62:43 Bodkin Arrow
62:46 Winged Hussar
64:20 Onager
75:20 Pikeman
79:11 Scale Mail Armor
80:12 Blast Furnace
Connection lost

Rejoining the realm…

Still unreachable

The connection could not be restored.

Session expired

The server has moved on; the page needs a fresh start.